 Dungeon Crawl Stone Soup version 0.24-a0-446-g87df7205b4 (webtiles) character file.

Game seed: 10533312844744846410

33 mahrnol the Poker (level 3, -17/28 HPs)
             Began as a Merfolk Skald on June 17, 2019.
             Demolished by an ogre
             ... wielding a +0 giant club
              (21 damage)
             ... on level 2 of the Dungeon on June 24, 2019.
             The game lasted 00:06:56 (1341 turns).

mahrnol the Poker (Merfolk Skald)                   Turns: 1341, Time: 00:06:56

Health: -17/28     AC:  5    Str: 12    XL:     3   Next: 29%
Magic:  6/6        EV: 11    Int: 12    God:
Gold:   120        SH:  0    Dex: 13    Spells: 5/6 levels left

rFire    . . .     SeeInvis .   a - +0 spear
rCold    . . .     Gourm    .   (no shield)
rNeg     . . .     Faith    .   h - +0 ring mail
rPois    .         Spirit   .   (no helmet)
rElec    .         Reflect  .   (no cloak)
rCorr    .         Harm     .   (no gloves)
MR       .....                  (no boots)
Stlth    +.........             (no amulet)
HPRegen  0.09/turn              (no ring)
MPRegen  0.10/turn              (no ring)

@: no status effects
A: change form in water, swift swim, stealthy swim
a: no special abilities


You were on level 2 of the Dungeon.
You were hungry.

You visited 1 branch of the dungeon, and saw 2 of its levels.

You collected 120 gold pieces.

Inventory:

Hand Weapons
 a - a +0 spear (weapon)
Missiles
 c - 17 poisoned darts (quivered)
Armour
 b - a +0 leather armour
 h - a +0 ring mail (worn)
Scrolls
 e - 5 scrolls of identify {unknown}
 g - a scroll of fog {unknown}
 i - 2 scrolls of amnesia {unknown}
 j - 3 scrolls of teleportation {unknown}
 l - a scroll of immolation {unknown}
 m - 3 scrolls of blinking {unknown}
 n - a scroll of remove curse {unknown}
Potions
 f - a potion of curing {unknown}
 k - a potion of flight {on hobogoblin, unknown}
 o - a potion of might
Comestibles
 d - 5 rations


   Skills:
 + Level 2.6 Fighting
 + Level 3.7 Polearms
 + Level 0.8 Armour
 + Level 3.1 Dodging
 + Level 2.1 Spellcasting
 + Level 3.6 Charms


You had 5 spell levels left.
You knew the following spells:

 Your Spells              Type           Power        Failure   Level  Hunger
a - Infusion              Chrm           #...         14%         1    ##.....

Your spell library contained the following spells:

 Spells                   Type           Power        Failure   Level  Hunger
 Song of Slaying          Chrm           #.......     22%         2    ###....
 Shroud of Golubria       Chrm/Tloc      #.....       41%         2    ###....
 Regeneration             Chrm/Necr      #.........   65%         3    ####...
 Spectral Weapon          Hex/Chrm       #.......     65%         3    ####...


Dungeon Overview and Level Annotations

Branches:
Dungeon (2/15)

Altars:


Message History

The ogre closely misses you. The hobgoblin hits you.
Things that are here:
a quokka corpse; a giant cockroach corpse You see here a stone.
You are feeling hungry.
You hit the ogre but do no damage.
The ogre is lightly wounded.
The ogre hits you with a +0 giant club!
Ouch! That really hurt!
* * * LOW HITPOINT WARNING * * *
You hit the ogre but do no damage.
The ogre is lightly wounded.
You hit the ogre.
The ogre is moderately wounded.
The ogre barely misses you.
You hit the ogre but do no damage.
The ogre is moderately wounded.
The ogre hits you with a +0 giant club!!
Ouch! That really hurt!
You die...

#...##..### ###
#...#....# .
#...#..#...# .
#########...#.###.## .#
#.......+..((...### .
###.#######(..#.#######.
#.....##gg(gg....#...#..
#.#.#.##O####.#.........
#.#.#.##@# #†#g........
#.#.#.##.# #g#g########
#.#.#.##.# #g#........
#.#.#.##.####....######
#.#.#.##..............
#.#.#.#######....#####
#.# #.#######....# #.#
#.....)).....# #.#
##########...#


You could see an ogre, a hobgoblin and a goblin.

Vanquished Creatures
  An adder (D:2)
  3 bats (D:1)
  2 giant cockroaches
  4 goblins
  4 hobgoblins
  A jackal (D:1)
  A quokka (D:2)
  A ball python (D:1)
  4 kobolds
  2 rats (D:1)
23 creatures vanquished.

Notes
Turn   | Place    | Note
-------+----------+-------------------------------------------
     0 | D:1      | mahrnol the Merfolk Skald began the quest for the Orb.
     0 | D:1      | Reached XP level 1. HP: 16/16 MP: 3/3
   206 | D:1      | Reached XP level 2. HP: 22/22 MP: 5/5
  1222 | D:2      | Reached XP level 3. HP: 25/28 MP: 0/6
  1252 | D:2      | Noticed an ogre
  1254 | D:2      | Upgraded the game from 0.24-a0-439-g6dd8730de2 to
                  | 0.24-a0-446-g87df7205b4
  1341 | D:2      | Demolished by an ogre

Levels and vault maps discovered:
D:1:      lightli_arrival_windingriver, layout_basic, minmay_tall_x
D:2:      layout_basic, marbit_many_paths, nemelex_altar_shiori, serial_bayou,
          serial_bayou_pond_c, serial_bayou_ford_a, serial_bayou_lagoon_a,
          serial_bayou_pond_d, first_ration, minmay_between

Skill      XL: |  1  2 |
---------------+-------+-----
Dodging        | 3 |  3.1
Fighting       | |  2.6
Polearms       | |  3.7
Armour         | |  0.8
Spellcasting   | |  2.1
Charms         | |  3.6

Action                   || total
-------------------------++-------
Melee: Spear             ||   117
 Cast: Infusion          ||     3
  Eat: Chunk             ||     1
Armor: Leather armour    ||     5
       Ring mail         ||    38
Dodge: Dodged            ||    80

Table legend:
 A = Non-vault XP
 B = Vault XP
 C = Vault XP percentage of total XP
 D = Non-vault monster count
 E = Vault monster count
 F = Vault count percentage of total count
                 A         B        C        D         E       F
            +---------+---------+-------+---------+---------+-------
      Total |      26 |      22 |  45.8 |      16 |       7 |  30.4
            +---------+---------+-------+---------+---------+-------
        D:1 |      19 |       5 |  20.8 |      12 |       4 |  25.0
        D:2 |       7 |      17 |  70.8 |       4 |       3 |  42.9
            +---------+---------+-------+---------+---------+-------
